 Dungeon Crawl Stone Soup version 0.31-a0-232-gb1c03b2570 (webtiles) character file.

Game seed: 17259763145746124708

272 qw the Shooter (level 6, -1/37 HPs)
             Began as a Gargoyle Hexslinger on July 7, 2023.
             Slain by a black bear (3 damage)
             ... on level 4 of the Dungeon.
             The game lasted 00:01:05 (2281 turns).

qw the Shooter (Gargoyle Hexslinger)                Turns: 2281, Time: 00:01:06

Health: -1/37      AC: 12    Str: 11    XL:     6   Next: 23%
Magic:  7/7        EV: 10    Int: 14    God:
Gold:   214        SH:  0    Dex: 14    Spells: 6/7 levels left

rFire   . . .        Y - +1 sling
rCold   . . .        (no shield)
rNeg    + . .        d - +0 ring mail
rPois   inf          (no helmet)
rElec   +            (no cloak)
rCorr   .            (no gloves)
SInv    .            i - +2 pair of boots
Will    .....        (no amulet)
Stlth   +            (no ring)
HPRegen 0.26/turn    (no ring)
MPRegen 0.10/turn

%: no passive effects
@: no status effects
A: sickness immunity, AC +4, negative energy resistance 1, electricity
resistance, torment resistance 1, petrification resistance
a: no special abilities


You were on level 4 of the Dungeon.
You visited 1 branch of the dungeon, and saw 4 of its levels.

You collected 214 gold pieces.


Innate Abilities, Weirdness & Mutations

You are immune to sickness and miasma.
Your stone body is resilient. (AC +4)
You are immune to poison.
You resist negative energy. (rN+)
You are resistant to electric shocks. (rElec)
You are resistant to unholy torment.
You are immune to petrification.


   Skills:
 - Level 3.3 Fighting
 + Level 5.1 Ranged Weapons
 - Level 2.0 Armour
 - Level 1.5 Dodging
 - Level 1.0 Spellcasting
 - Level 2.6 Hexes


You had 6 spell levels left.
You knew the following spells:

 Your Spells              Type           Power      Damage    Failure   Level
a - Slow                  Hex            32%        N/A       21%         1

Your spell library contained the following spells:

 Spells                   Type           Power      Damage    Failure   Level
 Inner Flame              Hex/Fire       4%         N/A       71%         3
 Portal Projectile        Hex/Tloc       8%         N/A       71%         3
 Cause Fear               Hex            4%         N/A       90%         4

Inventory:

Hand Weapons
 Y - a +1 sling (weapon)
Armour
 d - a +0 ring mail (worn)
 i - a +2 pair of boots (worn)
Scrolls
 c - a scroll of identify
Potions
 a - 2 potions of curing
 e - a potion of ambrosia {unknown}
 g - a potion of degeneration {unknown}
 h - a potion of enlightenment {unknown}

Dungeon Overview and Level Annotations

Branches:
Dungeon (4/15)
 Temple: D:4-7

Altars:
Makhleb


Message History

The black bear claws you but does no damage.
The black bear bites you. The black bear claws you.
The black bear closely misses you.
You shoot a sling bullet.
The sling bullet barely misses the black bear.
The black bear bites you. The black bear misses you.
The black bear claws you but does no damage.
You shoot a sling bullet. The sling bullet hits the black bear.
The black bear is severely wounded.
The black bear bites you but does no damage.
The black bear claws you but does no damage. x2
You shoot a sling bullet.
The sling bullet barely misses the black bear.
The black bear bites you.
The black bear claws you but does no damage.
The black bear closely misses you.
The black bear bites you but does no damage.
The black bear claws you but does no damage.
The black bear claws you.
You shoot a sling bullet.
The sling bullet barely misses the black bear.
The black bear closely misses you. The black bear barely misses you.
The black bear claws you.
You shoot a sling bullet.
The sling bullet barely misses the black bear.
The black bear bites you!
The black bear claws you but does no damage. x2
You shoot a sling bullet. The sling bullet hits the black bear.
The black bear is almost dead.
The black bear completely misses you. The black bear barely misses you.
The black bear claws you but does no damage.
You shoot a sling bullet. The sling bullet hits the black bear.
The black bear is almost dead.
The black bear goes berserk!
The black bear completely misses you.
The black bear claws you but does no damage.
The black bear completely misses you.
You shoot a sling bullet. The sling bullet hits the black bear.
The black bear is almost dead.
The black bear bites you.
You die...

#.....
#.....###
.#.......###
........<..#
...#......##
#......##
#......#
#......#
#....@.#
.......h.#
.........#
.........#
......#...
#..)..#....
...........
.......##..#


You could see a black bear (berserk).

Vanquished Creatures
  An ogre (D:3)
  A phantom (D:3)
  An orc wizard (D:3)
  2 adders
  An ufetubus (D:3)
  4 dart slugs
  5 orcs (D:3)
  7 bats
  3 endoplasms
  A giant cockroach (D:1)
  3 goblins (D:3)
  4 hobgoblins
  3 jackals (D:3)
  A quokka (D:2)
  A ball python (D:3)
  2 frilled lizards
  6 kobolds
  4 rats
50 creatures vanquished.

Notes
Turn   | Place    | Note
-------+----------+-------------------------------------------
     0 | D:1      | qw the Gargoyle Hexslinger began the quest for the Orb.
     0 | D:1      | Reached XP level 1. HP: 12/12 MP: 2/2
     0 | D:1      | 0 ||| qw: Version: 0.3-a-46-gb1f654a
     0 | D:1      | 0 ||| qw: Game counter: 2582
     0 | D:1      | 0 ||| qw: Melee chars always use a shield: true
     0 | D:1      | 0 ||| qw: God list: Okawaru
     0 | D:1      | 0 ||| qw: Allow faded altars: false
     0 | D:1      | 0 ||| qw: Do Orc after clearing Dungeon:15 true
     0 | D:1      | 0 ||| qw: Do second Lair branch before Depths: true
     0 | D:1      | 0 ||| qw: Lair rune preference: random
     0 | D:1      | 0 ||| qw: Goals: Normal
     0 | D:1      | 0 ||| PLANNING D:1-11
   160 | D:1      | Reached XP level 2. HP: 16/16 MP: 3/3
   216 | D:1      | Reached skill level 3 in Ranged Weapons
   496 | D:1      | Found a faded altar of an unknown god.
   561 | D:1      | 561 ||| UPGRADING to +0 ring mail.
   571 | D:1      | 571 ||| DROPPING +0 robe.
   572 | D:1      | 572 ||| READING scroll labelled UCSUAC EMPIAFE.
   573 | D:1      | 573 ||| READING scroll labelled EPACLA NIFE.
   574 | D:1      | 574 ||| DROPPING scroll of poison.
   634 | D:2      | Reached XP level 3. HP: 21/21 MP: 4/4
   938 | D:2      | Found a burning altar of Makhleb.
  1043 | D:2      | 1043 ||| UPGRADING to +2 pair of boots.
  1048 | D:2      | 1048 ||| READING scroll labelled CUUDEW BAUC.
  1149 | D:2      | 1149 ||| DRINKING 2 dark potions.
  1150 | D:2      | 1150 ||| DRINKING 2 golden potions.
  1188 | D:3      | 1188 ||| PLANNING SEWER
  1218 | D:3      | 1218 ||| FLEEEEING.
  1220 | D:3      | 1220 ||| FLEEEEING.
  1221 | D:3      | 1221 ||| FLEEEEING.
  1222 | D:3      | 1222 ||| FLEEEEING.
  1223 | D:3      | 1223 ||| FLEEEEING.
  1224 | D:3      | 1224 ||| FLEEEEING.
  1243 | D:3      | HP: 3/21 [something (3)]
  1245 | D:3      | 1245 ||| DRINKING potion of heal wounds.
  1256 | D:3      | Reached XP level 4. HP: 22/26 MP: 5/5
  1801 | D:3      | Reached skill level 4 in Ranged Weapons
  1928 | D:3      | 1928 ||| RIP SEWER
  1948 | D:3      | 1948 ||| PLANNING D:1-11
  1977 | D:3      | Noticed an ogre
  1988 | D:3      | HP: 6/26 [ogre/+0 giant club (4)]
  1991 | D:3      | Killed an ogre
  1992 | D:3      | Reached skill level 5 in Ranged Weapons
  1992 | D:3      | Reached XP level 5. HP: 8/30 MP: 6/6
  2153 | D:3      | 2153 ||| READING 3 scrolls labelled HERUYT VULONA.
  2154 | D:3      | 2154 ||| READING scroll labelled WESOAKL POHIREOR.
  2159 | D:3      | 2159 ||| READING 2 scrolls of identify.
  2159 | D:3      | 2159 ||| IDENTIFYING ruby potion
  2160 | D:3      | 2160 ||| DROPPING potion of berserk rage.
  2161 | D:3      | 2161 ||| DROPPING 2 scrolls of fear.
  2181 | D:4      | Noticed a phantom
  2186 | D:4      | 2186 ||| STAIRDANCE
  2224 | D:3      | Killed a phantom
  2225 | D:3      | Reached skill level 3 in Fighting
  2225 | D:3      | Reached XP level 6. HP: 28/37 MP: 7/7
  2265 | D:4      | Noticed a black bear
  2276 | D:4      | HP: 8/37 [black bear (4)]
  2278 | D:4      | HP: 1/37 [black bear (7)]
  2281 | D:4      | Slain by a black bear

Levels and vault maps discovered:
D:1:      lightli_arrival_noodles, layout_rooms, ebering_ecumenical_altar_mist,
          roderic_lattice_a
D:2:      layout_rooms, basic_altar, minmay_tromino_i2
D:3:      layout_loops_ring, portal_sewer_entry_e
D:4:      layout_cave_pools, amcnicky_altar_gilded, fedhas_altar_decomposition

Skill      XL: |  1  2  3  4  5 |
---------------+----------------+-----
Ranged Weapons | 3 5 |  5.1
Fighting       | 2 3 |  3.3
Armour         | 2 |  2.0
Dodging        | |  1.5
Spellcasting   | |  1.0
Hexes          | |  2.6

Action                     |  1- 3 |  4- 6 || total
---------------------------+-------+-------++-------
   Fire: Sling             |   131 |   164 ||   295
    Use: Scroll            |     3 |     3 ||     6
         Potion            |     3 |       ||     3
 Armour: Robe              |     7 |       ||     7
         Ring mail         |    40 |    71 ||   111
  Dodge: Dodged            |    43 |    78 ||   121

Table legend:
 A = Non-vault XP
 B = Vault XP
 C = Vault XP percentage of total XP
 D = Non-vault monster count
 E = Vault monster count
 F = Vault count percentage of total count
                 A         B        C        D         E       F
            +---------+---------+-------+---------+---------+-------
      Total |     385 |       4 |   1.0 |      48 |       2 |   4.0
            +---------+---------+-------+---------+---------+-------
        D:1 |      32 |       0 |   0.0 |      16 |       0 |   0.0
        D:2 |      18 |       4 |  18.2 |       4 |       2 |  33.3
        D:3 |     335 |       0 |   0.0 |      28 |       0 |   0.0
            +---------+---------+-------+---------+---------+-------
